 Dungeon Crawl Stone Soup version 0.29.0-13-gc9e81de378 (webtiles) character file.

Game seed: 10510096674959416680

123984 Anothat the Carver (level 15, -11/136 HPs)
             Began as a Demigod Gladiator on Sept 9, 2022.
             Mangled by a naga warrior
             ... wielding a +0 trident
              (18 damage)
             ... on level 3 of the Snake Pit.
             The game lasted 01:06:12 (37260 turns).

Anothat the Carver (Demigod Gladiator)             Turns: 37260, Time: 01:06:12

Health: -11/136    AC: 11    Str: 15    XL:     15   Next: 91%
Magic:  18/18      EV: 23    Int: 10    God:
Gold:   2017       SH: 16    Dex: 32    Spells: 9/14 levels left

rFire   . . .      SeeInvis .   Y - +7 scimitar (vamp)
rCold   + + +      Faith    .   N - +0 kite shield
rNeg    + . .      Spirit   .   A - +2 ring mail {rC+}
rPois   +          Reflect  .   (helmet restricted)
rElec   .          Harm     .   k - +0 cloak
rCorr   .          Rampage  .   T - +0 pair of gloves of Impermeability {rPois rN+ Dex-3}
Will    ++...                   u - +0 pair of boots
Stlth   ++........              Z - amulet of Harmony {Will+ Regen+}
HPRegen 1.12/turn               q - ring of protection from cold
MPRegen 0.16/turn               v - +4 ring of slaying

@: lethally poisoned (-11 -> -11), studying Short Blades
A: high MP 1, forlorn, divine attributes, horns 1, cold resistance 1, passive
freeze
a: no special abilities


You were on level 3 of the Snake Pit.
You visited 4 branches of the dungeon, and saw 23 of its levels.
You also visited: Sewer.

You collected 2555 gold pieces.
You spent 538 gold pieces at shops.

Inventory:

Hand Weapons
 E - the +10 long sword of Victory {vorpal, +Blink rC+ rCorr MP+9}
   (You took it off a kobold brigand on level 11 of the Dungeon)

   It inflicts extra damage upon your enemies.
   rC:        It protects you from cold.
   MP:        It affects your magic capacity (+9).
   +Blink:    It lets you blink.
   rCorr:     It protects you from acid and corrosion.
 Q - the +8 long sword "Nisic" {protect, rF+ rCorr}
   (You found it on level 6 of the Dungeon)

   It grants its wielder temporary protection when it strikes (+7 to AC).
   rF:        It protects you from fire.
   rCorr:     It protects you from acid and corrosion.
 X - a +2 great sword of protection
 Y - a +7 vampiric scimitar (weapon)
Missiles
 e - 5 javelins (quivered)
 j - 2 throwing nets
Armour
 k - a +0 cloak (worn)
 u - a +0 pair of boots (worn)
 A - a +2 ring mail of cold resistance (worn)
 D - a +0 leather armour of cold resistance
 N - a +0 kite shield (worn)
 T - the +0 pair of gloves of Impermeability (worn) {rPois rN+ Dex-3}
   (You bought it in a shop on level 1 of the Dungeon)

   Dex:       It affects your dexterity (-3).
   rPois:     It protects you from poison.
   rN:        It protects you from negative energy.
Jewellery
 a - the ring of the Sun {rN++ SInv}
   (You took it off a naga ritualist on level 2 of the Snake Pit)

   [ring of see invisible]

   rN:        It greatly protects you from negative energy.
   SInv:      It lets you see invisible.
 b - a +4 ring of protection
 p - a ring of magical power
 q - a ring of protection from cold (left hand)
 v - a +4 ring of slaying (right hand)
 y - an amulet of guardian spirit
 I - a +4 ring of evasion
 K - a +4 ring of protection
 O - a ring of ice
 W - a ring of wizardry
 Z - the amulet of Harmony (around neck) {Will+ Regen+}
   (You took it off a naga ritualist on level 2 of the Snake Pit)

   [amulet of regeneration]

   Regen:     It increases your rate of health regeneration.
   Will:      It increases your willpower.
Wands
 d - a wand of polymorph (18)
 x - a wand of paralysis (15)
 F - a wand of flame (46)
 P - a wand of digging (8)
Scrolls
 g - 15 scrolls of identify
 h - 2 scrolls of silence
 s - 4 scrolls of enchant armour
 z - 4 scrolls of vulnerability
 G - 3 scrolls of summoning
 H - 6 scrolls of teleportation
 M - a scroll of fog
 U - 3 scrolls of amnesia
 V - 3 scrolls of poison
Potions
 c - 2 potions of curing
 f - 5 potions of attraction
 i - 2 potions of brilliance
 l - 3 potions of resistance
 n - 2 potions of might
 r - 7 potions of degeneration
 t - 2 potions of lignification
 w - 8 potions of flight
 B - a potion of heal wounds
 C - a potion of ambrosia
 L - 4 potions of mutation
 R - a potion of haste
 S - a potion of berserk rage


   Skills:
 + Level 13.4 Fighting
 - Level 14.3 Long Blades
 - Level 1.7 Throwing
 + Level 5.4 Armour
 - Level 13.1 Dodging
 + Level 12.8 Shields
 + Level 7.0 Translocations
 - Level 2.1 Evocations


You had 9 spell levels left.
You knew the following spells:

 Your Spells              Type           Power      Damage    Failure   Level
a - Manifold Assault      Tloc           14%        N/A       91%         5

Your spell library contained the following spells:

 Spells                   Type           Power      Damage    Failure   Level
 Apportation              Tloc           28%        N/A       8%          1
 Blink                    Tloc           28%        N/A       12%         2
 Gell's Gravitas          Tloc           14%        N/A       24%         3
 Lesser Beckoning         Tloc           14%        N/A       24%         3
 Teleport Other           Tloc           14%        N/A       24%         3
 Passage of Golubria      Tloc           14%        N/A       61%         4
 Magic Dart               Conj           0%         1d3       80%         1
 Necrotise                Necr           0%         1d4       80%         1
 Sandblast                Erth           0%         2d4       80%         1
 Sting                    Tmut/Pois      0%         1d3       80%         1
 Call Imp                 Summ           0%         N/A       91%         2
 Passwall                 Tmut/Erth      0%         N/A       91%         2
 Searing Ray              Conj           0%         2d4       91%         2
 Conjure Flame            Conj/Fire      0%         6-21      99%         3
 Ignite Poison            Fire/Tmut/Pois 0%         N/A       99%         3
 Mephitic Cloud           Conj/Pois/Air  0%         N/A       99%         3
 Stone Arrow              Conj/Erth      0%         3d7       99%         3
 Vampiric Draining        Necr           0%         2d6       99%         3
 Airstrike                Air            0%         2d(0-16)  100%        4
 Dispel Undead            Necr           0%         3d6       100%        4
 Fulminant Prism          Conj/Hex       0%         3d6       100%        4
 Sticky Flame             Conj/Fire      0%         2d3       100%        4
 Summon Lightning Spire   Summ/Air       0%         N/A       100%        4
 Alistair's Intoxication  Tmut/Pois      0%         N/A       100%        5
 Blade Hands              Tmut           0%         N/A       100%        5
 Freezing Cloud           Conj/Ice/Air   0%         6-21      100%        5
 Irradiate                Conj/Tmut      0%         3d11      100%        5
 Lightning Bolt           Conj/Air       0%         1d11      100%        5
 Silence                  Hex/Air        0%         N/A       100%        5
 Summon Forest            Summ/Tloc      3%         N/A       100%        5
 Summon Mana Viper        Hex/Summ       0%         N/A       100%        5
 Dispersal                Tloc           7%         N/A       100%        6
 Eringya's Noxious Bog    Tmut/Pois      0%         N/A       100%        6
 Summon Cactus Giant      Summ           0%         N/A       100%        6
 Dragon Form              Tmut           0%         N/A       100%        7
 Storm Form               Tmut/Air       0%         N/A       100%        7
 Summon Hydra             Summ           0%         N/A       100%        7
 Disjunction              Tloc           7%         N/A       100%        8
 Lehudib's Crystal Spear  Conj/Erth      0%         10d2      100%        8
 Maxwell's Capacitive Co  Air            0%         ∞         100%        8
 Necromutation            Tmut/Necr      0%         N/A       100%        8


Dungeon Overview and Level Annotations

Branches:
Dungeon (13/15)            Temple (0/1) D:4            Lair (5/5) D:9
  Swamp (0/4) Lair:3        Snake (3/4) Lair:3        Slime (0/5) Lair:4
    Orc (2/2) D:12            Elf (0/3) Orc:2         Sewer (visited)
 Vaults: D:13-14

Shops:
D:1 [   D:7 [   Orc:2 :(?(

Portals:
Abyss: Orc:2

Annotations:
D:9 3 runed translucent doors, Therru's ghost, novice MiBe
D:11 1 runed translucent door, DocSulfur's ghost, novice DsCA
Lair:2 2 transporters, asdu's ghost, journeyman MiHu
Lair:4 exclusion: oklob plant


Innate Abilities, Weirdness & Mutations

You have an increased reservoir of magic. (+10% MP)
You shall have no god before yourself.
Your divine heritage dramatically boosts your attributes as you level up.
You have a pair of small horns on your head.
Your flesh is cold resistant. (rC+)
A frigid envelope surrounds you and freezes all who hurt you.


Message History

Okay, then.
Sorry, you're not good enough to have a special ability.
You hit the salamander but do no damage.
Your headbutt misses the salamander.
The salamander is almost dead.
You block the salamander's attack.
The salamander hits you with a +0 halberd!!
You are engulfed in flames!
* * * LOW HITPOINT WARNING * * *
The naga warrior spits poison at you. The splash of poison hits you.
You are poisoned.
You resist.
* * * LOW HITPOINT WARNING * * *
The salamander completely misses you.
You slash the salamander!
You feel better.
You headbutt the salamander.
The salamander is almost dead.
You feel sick. The naga mage spits poison at you.
The splash of poison hits you but does no damage.
You resist. The naga spits poison at you. You block the splash of poison.
The salamander misses you. x2
The salamander mystic gestures at the salamander while chanting.
The salamander seems to speed up.
Okay, then.
You slice the salamander!!
You feel better.
You kill the salamander!
You feel sick. You block the naga warrior's attack.
The naga warrior misses you. You block the salamander's attack.
The salamander completely misses you. The naga misses you. x2
Your Translocations skill increases to level 7!
You feel sick.
The salamander hits you from afar with a +0 glaive!!
* * * LOW HITPOINT WARNING * * *
You are engulfed in flames!
* * * LOW HITPOINT WARNING * * *
The salamander closely misses you.
The naga warrior hits you with a +0 trident!!
You die...

...... # ......# #
...N... # ## .......
.# ##. .......###.#
##.. ......N.....
##..# ....S.NNN#.#
##..#. #.N#.# ##...#.
#N@#.# #.# ##...#..
#....# #.###....#..
##...# #.##.†.##..#
#...# #.#..##...## #
##..# #...#....##
#.###.# #...#...####
.##.....# #......## #.
........###.....#####.
..........#.##### #...


You could see a naga warrior (catching breath), a salamander mystic, 3
salamanders, a naga mage (fast, catching breath) and a naga.

Vanquished Creatures
  Jorgrun (Snake:1)
  Kirke (Lair:3)
  Aizul (Snake:1)
  2 orc warlords
  A dire elephant (Lair:5)
  An ettin (D:12)
  3 boulder beetles
  7 hydras
  A death knight (D:12)
  A catoblepas (Lair:5)
  2 two-headed ogres
  12 anacondas
  A tengu warrior (D:12)
  Erica (D:12)
  11 naga warriors
  A deep troll shaman (Lair:5)
  10 death yaks
  2 shock serpents
  5 naga sharpshooters
  Amaemon (D:9)
  Lodul (D:12)
  Nergalle (Lair:1)
  A skeletal warrior (D:12)
  A phantasmal warrior (D:12)
  A lindwurm (shapeshifter) (D:12)
  11 orc knights
  16 naga ritualists
  2 deep elf zephyrmancers (Orc:1)
  A deep elf pyromancer (D:12)
  6 mana vipers
  6 cyclopes (D:12)
  3 ugly things (D:12)
  2 manticores (D:12)
  10 salamanders
  3 elephants (Lair:5)
  32 black mambas
  12 naga magi
  Joseph (D:7)
  Maurice (D:9)
  5 cane toads
  5 guardian serpents
  2 gargoyles
  An unseen horror (D:12)
  An orange demon (D:9)
  2 rime drakes
  Psyche (D:9)
  2 kobold demonologists (D:12)
  6 komodo dragons
  3 freezing wraiths
  An efreet (D:12)
  2 tyrant leeches (Lair:3)
  A queen bee (D:8)
  6 trolls
  4 slime creatures
  A hornet (D:10)
  A tyrant leech (shapeshifter) (D:12)
  9 blink frogs
  Sigmund (D:3)
  A water elemental (D:12)
  9 wyverns
  3 vampires
  A wraith (D:12)
  54 yaks
  4 hogs (Lair:3)
  A fire elemental (Orc:2)
  3 humans (Lair:3)
  3 basilisks
  4 vampire mosquitoes
  Edmund (D:6)
  A steam dragon (D:7)
  4 wargs
  22 nagas
  3 acid dragons
  14 water moccasins
  6 black bears
  Duvessa (D:5)
  An ice beast (D:6)
  58 orc warriors
  A swamp drake (Orc:1)
  2 sky beasts
  9 ogres
  10 wolves
  6 centaurs
  A phantom (D:5)
  3 kobold brigands
  A gnoll sergeant (D:9)
  2 necrophages
  6 bullfrogs
  2 scorpions
  7 wights
  Dowan (D:5)
  12 killer bees
  6 electric eels
  A crimson imp (Orc:1)
  An iron imp (Orc:1)
  Crazy Yiuf (D:4)
  3 hounds
  4 jellies
  18 orc priests
  2 gnoll boudas
  2 iguanas
  Ijyb (D:3)
  28 orc wizards
  11 gnolls
  9 adders
  4 river rats (Sewer)
  2 shadow imps
  5 white imps
  An ufetubus (D:4)
  A worm (Sewer)
  3 dart slugs
  100 orcs
  14 bats
  4 endoplasms
  8 giant cockroaches
  12 goblins
  10 hobgoblins
  A jackal (Sewer)
  9 quokkas
  14 ball pythons
  4 frilled lizards
  18 kobolds
  15 rats
  A spectral kobold (D:10)
  A lurking horror (Orc:2)
801 creatures vanquished.

Vanquished Creatures (collateral kills)
  A centaur (D:10)
1 creature vanquished.

Vanquished Creatures (others)
  A black mamba (Snake:3)
  An orc wizard (D:12)
  44 fungi
  A lurking horror (Orc:2)
  52 plants
99 creatures vanquished.

Grand Total: 901 creatures vanquished

Notes
Turn   | Place    | Note
-------+----------+-------------------------------------------
     0 | D:1      | Anothat the Demigod Gladiator began the quest for the Orb.
     0 | D:1      | Reached XP level 1. HP: 17/17 MP: 3/3
   313 | D:1      | Reached skill level 3 in Long Blades
   474 | D:1      | Reached XP level 2. HP: 23/24 MP: 4/4
   752 | D:1      | Found Losegan's Armour Shop.
  1489 | D:2      | Reached XP level 3. HP: 25/29 MP: 5/5
  2212 | D:3      | Noticed Sigmund
  2692 | D:3      | Gained mutation: You occasionally lose the ability to read
                  | scrolls when taking damage. [potion of mutation]
  2692 | D:3      | Gained mutation: You are dopey. (Int -2) [potion of
                  | mutation]
  2692 | D:3      | Gained mutation: You sometimes lose your temper in combat.
                  | [potion of mutation]
  2692 | D:3      | Lost mutation: You sometimes lose your temper in combat.
                  | [potion of mutation]
  2701 | D:3      | Noticed Ijyb
  2701 | D:3      | Killed Sigmund
  2702 | D:3      | Reached skill level 4 in Long Blades
  2702 | D:3      | Reached XP level 4. HP: 27/38 MP: 6/6
  2702 | D:3      | Reached XP level 5. HP: 32/45 MP: 7/7
  2711 | D:3      | Paralysed by Ijyb for 2 turns
  2716 | D:3      | Paralysed by Ijyb for 5 turns
  2723 | D:3      | Killed Ijyb
  3605 | D:4      | Noticed a centaur
  3606 | D:4      | Found a staircase to the Ecumenical Temple.
  3619 | D:4      | Killed a centaur
  3620 | D:4      | Reached skill level 5 in Long Blades
  3620 | D:4      | Reached XP level 6. HP: 19/51 MP: 8/8
  4358 | D:4      | Lost mutation: You are dopey. (Int -2) [potion of mutation]
  4358 | D:4      | Lost mutation: You occasionally lose the ability to read
                  | scrolls when taking damage. [potion of mutation]
  4358 | D:4      | Gained mutation: Your flesh is cold resistant. (rC+)
                  | [potion of mutation]
  4358 | D:4      | Gained mutation: You have a pair of small horns on your
                  | head. [potion of mutation]
  4358 | D:4      | Gained mutation: A frigid envelope surrounds you and
                  | freezes all who hurt you. [potion of mutation]
  4366 | D:4      | Reached XP level 7. HP: 58/58 MP: 9/9
  4734 | D:4      | Found a runed translucent door.
  4735 | D:4      | Noticed Crazy Yiuf
  4821 | D:4      | Killed Crazy Yiuf
  4822 | D:4      | Reached skill level 6 in Long Blades
  4891 | D:5      | Entered Level 5 of the Dungeon
  4916 | D:5      | Found a glowing drain.
  4960 | Sewer    | Entered a sewer
  5563 | D:5      | Noticed Duvessa
  5572 | D:5      | Killed Duvessa
  5694 | D:5      | HP: 3/60 [cloud of flame (23)]
  5731 | D:5      | Reached skill level 5 in Dodging
  6159 | D:5      | Reached skill level 7 in Long Blades
  6159 | D:5      | Reached XP level 8. HP: 62/67 MP: 10/10
  6434 | D:5      | Noticed Dowan
  6441 | D:5      | Killed Dowan
  6447 | D:5      | Got Sif Muna's Guide on the Mausoleum and Venin
  6688 | D:6      | Noticed Edmund
  7031 | D:6      | Reached skill level 5 in Fighting
  7338 | D:6      | Killed Edmund
  7512 | D:6      | Identified the +8 long sword "Nisic" {protect, rF+ rCorr}
  7654 | D:6      | Reached skill level 8 in Long Blades
  8248 | D:7      | Found Rokeniq's Armour Shop.
  8257 | D:7      | Reached XP level 9. HP: 48/75 MP: 11/11
  8478 | D:7      | Noticed Joseph
  8496 | D:7      | Killed Joseph
  8497 | D:7      | Reached skill level 9 in Long Blades
 10074 | D:8      | Reached skill level 10 in Long Blades
 10523 | D:8      | Reached XP level 10. HP: 86/86 MP: 13/13
 11214 | D:9      | Reached skill level 11 in Long Blades
 11215 | D:9      | Noticed Psyche
 11217 | D:9      | Noticed Maurice
 11473 | D:9      | Found a staircase to the Lair.
 11504 | D:9      | Killed Psyche
 11513 | D:9      | Killed Maurice
 12332 | D:9      | Reached XP level 11. HP: 94/94 MP: 14/14
 12565 | D:9      | Noticed Amaemon
 12576 | D:9      | Reached skill level 12 in Long Blades
 12586 | D:9      | Killed Amaemon
 12881 | D:9      | Found a runed translucent gate.
 12881 | D:9      | Found a runed translucent gate.
 12881 | D:9      | Found a runed translucent gate.
 12883 | D:9      | Noticed Therru's ghost (novice MiBe)
 13534 | D:10     | Entered Level 10 of the Dungeon
 13616 | D:10     | Paralysed by a hornet for 3 turns
 13617 | D:10     | Reached skill level 1 in Shields
 13973 | D:10     | Paralysed by a hornet for 3 turns
 14512 | D:10     | Noticed an angel
 14512 | D:10     | You fall into a shaft and drop 3 floors!
 14704 | D:12     | Noticed a sixfirhy
 14877 | D:10     | Noticed a cacodemon
 15277 | Lair:1   | Entered Level 1 of the Lair of Beasts
 16151 | Lair:1   | Noticed Nergalle
 16157 | Lair:1   | Killed Nergalle
 16396 | Lair:2   | Noticed asdu's ghost (journeyman MiHu)
 16399 | Lair:2   | Noticed a spriggan rider
 16401 | Lair:2   | Found a transporter.
 16404 | Lair:2   | Found a transporter.
 16633 | Lair:2   | Reached skill level 13 in Long Blades
 16806 | Lair:2   | Noticed a spriggan rider
 17121 | Lair:3   | Noticed Kirke
 17122 | Lair:3   | Noticed a lindwurm
 17163 | Lair:3   | Noticed a lindwurm
 17425 | Lair:3   | Found a staircase to the Snake Pit.
 17453 | Lair:3   | Reached XP level 12. HP: 39/104 MP: 8/15
 17688 | Lair:3   | Reached skill level 5 in Shields
 17927 | Lair:3   | Killed Kirke
 18206 | Lair:3   | Found a staircase to the Swamp.
 18874 | D:1      | Bought the +0 pair of gloves of Impermeability {rPois rN+
                  | Dex-3} for 136 gold pieces
 19225 | Lair:4   | Reached skill level 10 in Dodging
 19408 | Lair:4   | Noticed a five-headed hydra
 19430 | Lair:4   | Killed a five-headed hydra
 19855 | Lair:4   | Found a staircase to the Slime Pits.
 20226 | Lair:5   | Entered Level 5 of the Lair of Beasts
 20288 | Lair:4   | Reached skill level 10 in Fighting
 20294 | Lair:4   | Reached skill level 14 in Long Blades
 20804 | Lair:5   | Noticed a seven-headed hydra
 20813 | Lair:5   | Killed a seven-headed hydra
 20814 | Lair:5   | Reached XP level 13. HP: 95/113 MP: 13/16
 22216 | Lair:5   | Noticed a dire elephant
 22233 | Lair:5   | Killed a dire elephant
 22965 | D:11     | Found a runed translucent door.
 22968 | D:11     | Noticed DocSulfur's ghost (novice DsCA)
 24753 | D:12     | Noticed Lodul
 24767 | D:12     | Killed Lodul
 24979 | D:12     | Found a staircase to the Orcish Mines.
 25097 | D:12     | Reached skill level 10 in Shields
 25198 | D:12     | Identified the +10 long sword of Victory {vorpal, +Blink
                  | rC+ rCorr MP+9}
 25847 | D:12     | HP: 3/116 [deep elf pyromancer/bolt of fire (20)]
 26210 | Orc:1    | Entered Level 1 of the Orcish Mines
 26512 | D:12     | Reached XP level 14. HP: 124/124 MP: 17/17
 26524 | Orc:1    | Noticed Erica
 26559 | D:12     | Killed Erica
 26884 | Orc:1    | Noticed an orc warlord
 26893 | Orc:1    | Reached skill level 1 in Evocations
 26935 | D:12     | Killed an orc warlord
 27650 | D:12     | Learned a level 5 spell: Manifold Assault
 28155 | D:12     | Reached skill level 1 in Translocations
 30060 | Orc:2    | Entered Level 2 of the Orcish Mines
 30216 | Orc:2    | Noticed an orc warlord
 30349 | Orc:2    | Found a one-way gate to the infinite horrors of the Abyss.
 30511 | Orc:2    | Killed an orc warlord
 31020 | Orc:2    | Found Bocsyx Imep's Weapon Shop.
 31020 | Orc:2    | Found Ahikuaru's Book Emporium.
 31346 | Orc:2    | Bought a +2 vampiric scimitar for 312 gold pieces
 31817 | Orc:2    | Found Irenuit's Weapon Shop.
 31817 | Orc:2    | Found Moudyiw's Magic Scroll Emporium.
 31832 | Orc:2    | Bought a scroll of enchant weapon for 90 gold pieces
 31948 | Orc:2    | Found a staircase to the Elven Halls.
 32529 | Snake:1  | Entered Level 1 of the Snake Pit
 32602 | Snake:1  | Noticed Jorgrun
 32614 | Snake:1  | Killed Jorgrun
 33287 | Snake:1  | Noticed Aizul
 33309 | Snake:1  | Killed Aizul
 33656 | Snake:1  | Reached skill level 1 in Armour
 33958 | Snake:1  | Reached XP level 15. HP: 132/134 MP: 15/18
 34922 | Snake:2  | Reached skill level 5 in Translocations
 36232 | Snake:2  | Identified the +4 executioner's axe of the Unspeakable One
                  | {vorpal, Drain rPois Dex+7 SInv Stlth-}
 36232 | Snake:2  | Identified the amulet of Harmony {Will+ Regen+}
 36232 | Snake:2  | Identified the ring of the Sun {rN++ SInv}
 36549 | Snake:2  | Got the Compendium of the Undead and the Boulder
 36878 | Snake:2  | Reached skill level 5 in Armour
 37260 | Snake:3  | Mangled by a naga warrior

Illustrated notes

Levels and vault maps discovered:
D:1:      dpeg_arrival_ratfight, layout_basic, serial_shops, shop, st_stairs_11
D:2:      layout_rooms, chequers_ecumenical_altar_island,
          kennysheep_generic_room_6
D:3:      kennysheep_the_goblin_king, layout_basic, uniq_sigmund
D:4:      layout_rooms, mainiacjoe_overflow_alcove_2,
          nemelex_spade_bored_becter, minmay_temple_entry_proselytizer,
          uniq_crazy_yiuf_cottage, uniq_ijyb
D:5:      layout_rooms, nzn_overflow_gifts_of_might_and_magic,
          portal_sewer_entry_a, serial_rivers, chequers_serial_rivers_micro_b,
          chequers_serial_rivers_micro_d, chequers_serial_rivers_room_a,
          chequers_serial_rivers_room_a
D:6:      black_bear_nest_1, layout_cave_pools,
          mainiacjoe_overflow_small_starburst, nicolae_wu_jian_wuxing_cycle,
          uniq_edmund
D:7:      layout_loops_ring, serial_shops, nicolae_inconvenience_store,
          uniq_joseph
D:8:      layout_gridville, tso_metal_star, nicolae_gozag_seed_capital,
          nicolae_looking_at_the_future
D:9:      layout_loops_ring, fedhas_altar_4,
          gammafunk_temple_overflow_forgotten, minmay_lair_entry_grove,
          gammafunk_ghost_nasty_kobolds, uniq_maurice, uniq_psyche, uniq_amaemon
D:10:     layout_irregular_city, grunt_temple_overflow_order_and_chaos_2,
          mainiacjoe_overflow_cross_hatched,
          nicolae_hepliaklqana_monster_ancestors
D:11:     layout_loops_corners, hellmonk_ghost_big_iron, ashenzari_altar_1
D:12:     minmay_the_grid_square_5x5_4x4 [minmay_the_grid_square_5x5_meh,
          minmay_the_grid_square_5x5_three_small,
          minmay_the_grid_square_5x5_broken_cross,
          minmay_the_grid_square_5x5_spiral_small,
          minmay_the_grid_square_5x5_dogpile,
          minmay_the_grid_square_5x5_prize_open,
          minmay_the_grid_square_5x5_prize_open,
          minmay_the_grid_square_5x5_fat_x,
          minmay_the_grid_square_5x5_minivault,
          minmay_the_grid_square_5x5_prize_snowflake,
          minmay_the_grid_square_5x5_prize_monsterx,
          minmay_the_grid_square_5x5_n, minmay_the_grid_square_5x5_z,
          minmay_the_grid_square_5x5_mess, minmay_the_grid_square_5x5_c,
          minmay_the_grid_square_5x5_spiral], layout_basic, orc_0_dummy,
          serial_co_window_serial, co_window_corner_a, co_window_paths_a,
          co_window_corner_a, co_window_paths_b, co_window_of_opportunity_a,
          co_window_2corner, co_window_of_opportunity_b,
          co_window_unsneaky_path_b, co_window_corner_b,
          portal_ice_cave_entry_pillars_2, kennysheep_generic_room_4, uniq_lodul
D:13:     layout_roguey
Lair:1:   layout_gridlike, grunt_megastairs_4, infiniplex_staircase_pool,
          uniq_nergalle
Lair:2:   layout_long_grid, gammafunk_ghost_wrathful_warriors,
          infiniplex_staircase_pool_2
Lair:3:   slaughterhouse, layout_regular_city, minmay_swamp_entry_worms,
          minmay_snake_entry_guardpost_small, enter_volcano_2, uniq_kirke
Lair:4:   layout_regular_city, minmay_slime_entry_pillars,
          minmay_lair_oklob_bushes, grunt_megastairs_2, serial_bayou_shore_b
Lair:5:   grunt_lair_end_beastmaster, layout_hall_layers
Snake:1:  layout_gridlike, serial_bayou_shore_b, serial_bayou_shore_b,
          uniq_aizul, uniq_jorgrun
Snake:2:  layout_honeycomb, nicolae_snake_naga_rites
Snake:3:  nicolae_snake_crotalidae_crossing, layout_basic,
          nrook_guardian_serpent_ordinary
Orc:1:    layout_caves, hangedman_minor_magic, uniq_erica
Orc:2:    st_orc_town, layout_caves, nicolae_orc_lava_tube, lemuel_statue_altar,
          amcnicky_altar_lugonu_corruption

Skill      XL: |  1  2  3  4  5  6  7  8  9 10 11 12 13 14 15 |
---------------+----------------------------------------------+-----
Fighting       | 2 3 4 5 7 8 9 10 11 12 13 | 13.4
Long Blades    | 3 4 5 7 8 10 11 13 14 | 14.3
Dodging        | 3 4 5 6 7 8 9 10 11 13 | 13.1
Shields        | 4 7 10 11 12 | 12.8
Evocations     | 2 |  2.1
Translocations | 4 7 |  7.0
Armour         | 1 5 |  5.4
Throwing       | |  1.7

Action                   |  1- 3 |  4- 6 |  7- 9 | 10-12 | 13-15 || total
-------------------------+-------+-------+-------+-------+-------++-------
Melee: Long sword        |   139 |    91 |   238 |   538 |   784 ||  1790
       Punch             |     1 |       |       |     3 |       ||     4
       Headbutt          |       |     1 |    43 |   144 |   350 ||   538
       Unarmed           |       |       |       |     5 |       ||     5
       Scimitar          |       |       |       |       |   564 ||   564
Throw: Throwing net      |       |       |     3 |       |       ||     3
 Abil: Evoke Blink       |       |       |       |       |     1 ||     1
Evoke: Wand              |     3 |       |     7 |    21 |    34 ||    65
  Use: Potion            |     4 |     2 |     4 |     5 |    11 ||    26
       Scroll            |       |    10 |     8 |     9 |    11 ||    38
 Stab: Sleeping          |     4 |     2 |     2 |     2 |     5 ||    15
       Paralysed         |     2 |       |    10 |     1 |    14 ||    27
       Petrified         |       |       |       |       |     9 ||     9
       Distracted        |       |       |       |       |     2 ||     2
Armor: Leather armour    |    45 |    41 |    38 |    21 |       ||   145
       Ring mail         |       |       |       |    54 |   100 ||   154
Dodge: Dodged            |   100 |    57 |   224 |   292 |   724 ||  1397
Block: Kite shield       |       |       |       |   164 |   922 ||  1086
